 Dungeon Crawl Stone Soup version 0.30-a0-283-gf371ce1921 (webtiles) character file.

Game seed: 1776758120804740283

4 MrRokkomies the Sneak (level 1, -7/19 HPs)
             Began as an Armataur Delver on Oct 17, 2022.
             Killed by divine providence
             ... invoked by an orc priest
              (11 damage)
             ... on level 5 of the Dungeon.
             The game lasted 00:01:23 (136 turns).

MrRokkomies the Sneak (Armataur Delver)              Turns: 136, Time: 00:01:23

Health: -7/19      AC:  4    Str: 17    XL:     1   Next: 50%
Magic:  1/1        EV:  9    Int: 10    God:
Gold:   0          SH:  0    Dex: 11    Spells: 0/0 levels left

rFire   . . .      SeeInvis .    h - +2 mace (holy)
rCold   . . .      Faith    .    (no shield)
rNeg    . . .      Spirit   .    b - +0 leather armour
rPois   .          Reflect  .    (no helmet)
rElec   .          Harm     .    (no cloak)
rCorr   .          Roll     +    (no gloves)
Will    .....                    (no barding)
Stlth   +++.......               (no amulet)
HPRegen 0.23/turn                (no ring)
MPRegen 0.07/turn                (no ring)

@: hasted, very quick
A: large, rugged brown scales 3, deformed body, armoured tail, roll, long
tongue, awkward tongue
a: no special abilities


You were on level 5 of the Dungeon.
You visited 1 branch of the dungeon, and saw 1 of its levels.

Inventory:

Hand Weapons
 a - a +0 mace
 h - a +2 mace of holy wrath (weapon)
Armour
 b - a +0 leather armour (worn)
Wands
 g - a wand of digging (2)
Scrolls
 c - a scroll of fog
 i - a scroll of teleportation {unknown}


   Skills:
 * Level 2.8 Fighting
 - Level 1.7 Maces & Flails
 * Level 0.6 Armour
 + Level 1.4 Dodging
 - Level 5.4 Stealth


You couldn't memorise any spells.
You didn't know any spells.
Your spell library was empty.

Dungeon Overview and Level Annotations

Branches:
Dungeon (5/15)
 Temple: D:4-7

Altars:


Innate Abilities, Weirdness & Mutations

You are completely covered in rugged brown scales. (AC +3, +7% HP)
Armour fits poorly on your strangely shaped body.
You have a long armoured tail.
You roll when moving toward enemies. (Rampage)
Your long tongue fully drains potion bottles. (2x potion effects)
Your tongue gives you trouble enunciating. (1.5x scroll delay)


Message History

You roll towards the hound!
Found a black potion.
Found a book of Fire.
You open the door.
There is an open door here.
You open the door.
An orc wizard and 2 orcs come into view.
The orc wizard is wielding a +1 dagger of speed.
The orc shouts!
The orc wizard shouts!
You hear a shout!
An orc priest comes into view. It is wielding a +0 dagger.
An orc priest comes into view. It is wielding a +0 club.
The orc shouts!
Found a runed hand axe and 10 gold pieces.
It was a potion of heal wounds.
You feel much better.
The orc priest shouts!
You hit the orc.
The orc is heavily wounded.
The orc priest mumbles some strange prayers to Beogh against you.
Beogh smites you!
Ouch! That really hurt!
The orc wizard gestures wildly while chanting.
The orc wizard flickers and vanishes!
Deactivating autopickup; reactivate with Ctrl-A.
The orc barely misses you.
You thump the orc!
You kill the orc!
The orc priest looks encouraged for a moment.
You hit the orc priest.
The orc priest is lightly wounded.
The orc priest hits you with a +0 club.
You hit the orc priest. You punch the orc priest.
The orc priest is severely wounded.
The orc priest hits you with a +0 club.
* * * LOW HITPOINT WARNING * * *
You hit the orc priest but do no damage.
The orc priest is severely wounded.
The orc priest invokes the aid of Beogh against you.
Beogh smites you!
Ouch! That really hurt!
You die...

*,* *,* *,,,,,**,**,,* *,*
******,* #..:..#*,**,,* *,*
#,,,,,,* #.....#*,*##+## *,*
#$,,,,,* #.....#*,*#.... *,*
#..,,,,* #.....##.##....
*,**#...,,,* #...!.##.##....
**,*<.....,,* #.....##.#.....
*,,,,......####.....##S#.....
****,.....oo@.'.....##$#.....
*,#..).{####.....##h#.....
*,#.###** #.....##.#.....
*,*,* #........#..... *,*,*
########.#..... *,*,*
#.#..... *,*,* #.#.#+## *,*,*
#.#..... *,,,* #...#.##


You could see an orc priest and an orc.

Vanquished Creatures
  2 orcs (D:5)
2 creatures vanquished.

Notes
Turn   | Place    | Note
-------+----------+-------------------------------------------
     0 | D:5      | MrRokkomies the Armataur Delver began the quest for the
                  | Orb.
     0 | D:5      | Reached XP level 1. HP: 19/19 MP: 1/1
   110 | D:5      | Noticed a water moccasin
   113 | D:5      | Noticed a hound
   130 | D:5      | Noticed an orc wizard
   130 | D:5      | Noticed an orc priest
   130 | D:5      | Noticed an orc priest
   136 | D:5      | Killed from afar by an orc priest

Illustrated notes

Levels and vault maps discovered:
D:5:      layout_basic

Action                   || total
-------------------------++-------
Melee: Mace              ||     7
       Tailslap          ||     1
       Punch             ||     1
Evoke: Wand              ||     1
  Use: Scroll            ||     2
       Potion            ||     2
Dodge: Dodged            ||     1

Table legend: (Time is in decaauts)
 A = Elapsed time spent in this place.
 B = Non-inter-level travel time spent in this place.
 C = Inter-level travel time spent in this place.
 D = Time resting spent in this place.
 E = Time spent auto-exploring this place.
 F = Levels seen in this place.
 G = Mean time per level.
                   A        B        C        D        E       F      G
               +--------+--------+--------+--------+--------+-----+--------+
         Total |    130 |    130 |      0 |      0 |     91 |   1 |  130.0 |
       Dungeon |    130 |    130 |      0 |      0 |     91 |   1 |  130.0 |
               +--------+--------+--------+--------+--------+-----+--------+

Top non-repeatable levels by time:
     D:5: 130 daAuts
